AoeStats
← TUSHIRO1.2

Arabia

510454617Analyzed
1v1 RM · 15h ago on Oct 1, 2026· 36m 23s· 2 players
Game mode
Random Map
Map size
Tiny (2 player)
Population
200
Speed
Normal
Resources
Standard
Victory
Conquest
Starting age
Dark Age
Ending age
Imperial Age
RankedLock teamsTeams togetherTeam positionsShared explorationLock speedFull tech treeHidden civsTurbo modeCheats
Victory
Defeat
🇲🇽 Malians · Mexico
1144
+32
🇨🇳 Vikings · China
1159
-17
TUSHIRO1.2
7:57 Loom
10:56 Feudal Age
10:58 Man-at-Arms
20:46 Double-Bit Axe
24:56 Castle Age
25:19 Crossbowman
26:04 Town Watch
流浪崖边草
6:55 Loom
10:26 Feudal Age
10:34 Man-at-Arms
17:37 Double-Bit Axe
21:17 Fletching
30:39 Castle Age
28:49 Horse Collar
31:01 Crossbowman
Connection lost

Rejoining the realm…

Still unreachable

The connection could not be restored.

Session expired

The server has moved on; the page needs a fresh start.